 Dungeon Sprint DCSS version 0.31-a0-523-g071a6c1ffa (webtiles) character file.

Game seed: 9099004509633319678

1757 dialectric the Protected (level 8, -3/117 HPs)
             Began as a Minotaur Fighter on Aug 11, 2023.
             Was a Believer of Trog.
             Slain by a deep troll (19 damage)
             ... in the Dungeon (Sprint I: "Red Sonja").
             The game lasted 00:02:13 (372 turns).

dialectric the Protected (Minotaur Fighter)          Turns: 372, Time: 00:02:13

Health: -3/117     AC: 11    Str: 21    XL:     8   Next: 79%
Magic:  7/7        EV: 13    Int:  5    God:    Trog [**....]
Gold:   421        SH:  6    Dex: 12    Spells: 7/7 levels left

rFire   . . .        a - +0 long sword
rCold   . . .        c - +0 buckler
rNeg    . . .        b - +0 scale mail
rPois   .            (helmet restricted)
rElec   .            (no cloak)
rCorr   .            (no gloves)
SInv    .            f - +0 pair of boots
Will    .....        (no amulet) Stlth
                     (no ring)
HPRegen 0.39/turn    (no ring)
MPRegen 0.10/turn

%: no teleportation
@: berserking (expiring), very quick
A: horns 2, retaliatory headbutt
a: Renounce Religion, Berserk, Trog's Hand


You were in the Dungeon.
You worshipped Trog.
Trog was pleased with you.
You visited 1 branch You collected 470 gold pieces.
You spent 49 gold pieces at shops.

Inventory:

Hand Weapons
 a - a +0 long sword (weapon)
Missiles
 e - 4 curare-tipped darts
Armour
 b - a +0 scale mail (worn)
 c - a +0 buckler (worn)
 f - a +0 pair of boots (worn)
Wands
 d - a wand of iceblast (3)
Scrolls
 j - a scroll of blinking
 k - a scroll of amnesia {unknown}
Potions
 g - a potion of haste
 h - 2 potions of magic


   Skills:
 - Level 9.1 Fighting
 + Level 12.6 Long Blades
 + Level 13.5 Armour
 * Level 9.5 Dodging
 - Level 8.2 Shields
 + Level 0.8 Evocations


You had 7 spell levels left.
You didn't know any spells.
Your spell library was empty.

Dungeon Overview and Level Annotations

Branches:
Dungeon (1/1)

Altars:
Cheibriados
Dithmenos
Elyvilon
Fedhas
Gozag
Hepliaklqana
Kikubaaqudgha
Makhleb
Nemelex Xobeh
Okawaru
Qazlal
Ru
Sif Muna
Trog
Uskayaw
Vehumet
Wu Jian
Xom
Yredelemnul
Zin
The Shining One
Jiyva
Lugonu

Shops:
D [[


Innate Abilities, Weirdness & Mutations

You have a pair of horns on your head.
You reflexively headbutt those who attack you in melee.


Message History

The deep troll shouts!
Found 108 gold pieces.
A red film seems to cover your vision as you go berserk!
You feel yourself moving faster!
You feel mighty!
You feel a strong urge to attack something.
There is an open door here.
You hit the deep troll.
The deep troll is lightly wounded.
You block the deep troll's attack. x2; The deep troll completely misses you.
You barely miss the deep troll. You slash the deep troll!
The deep troll is moderately wounded.
The deep troll bites you!
The deep troll claws you but does no damage.
The deep troll claws you.
You hit the deep troll.
You headbutt the deep troll, but do no damage.
The deep troll is moderately wounded.
The deep troll bites you! You block the deep troll's attack. x2
You slash the deep troll! You headbutt the deep troll.
The deep troll is heavily wounded.
You barely miss the deep troll.
The deep troll is heavily wounded.
The deep troll bites you!!
* * * LOW HITPOINT WARNING * * *
The deep troll claws you but does no damage.
You block the deep troll's attack.
You slash the deep troll!
The deep troll is severely wounded.
You hit the deep troll.
The deep troll is severely wounded.
You block the deep troll's attack. The deep troll barely misses you.
The deep troll claws you.
* * * LOW HITPOINT WARNING * * *
You hit the deep troll.
The deep troll is severely wounded.
You closely miss the deep troll. Your headbutt misses the deep troll.
The deep troll is severely wounded.
The deep troll bites you!!
You die...

#..#####+#####'#__####...+
#..### #...#)#### #####
#..#__####..##.#
#..#_____##'#_.+
#⌠⌠#_.∩...÷..._#
####_..__##_.#'#
#_____###'#.#
############.####+###
#∩........'...@T$.$$+
###++++####...#######
##.## #+#


You could see a deep troll.

Vanquished Creatures
  Sonja (D)
  2 kobold demonologists (D)
  A slime creature (D)
  Sigmund (D)
  A yak (D)
  A floating eye (D)
  An ogre (D)
  A jelly (D)
  Ijyb (D)
10 creatures vanquished.

Notes
Turn   | Place    | Note
-------+----------+-------------------------------------------
     0 | D        | dialectric the Minotaur Fighter began the quest for the
                  | Orb.
     0 | D        | Reached XP level 1. HP: 19/19 MP: 0/0
     2 | D        | Noticed Ijyb
     6 | D        | Killed Ijyb
     7 | D        | Reached skill level 5 in Fighting
     7 | D        | Reached skill level 5 in Armour
     7 | D        | Reached skill level 5 in Shields
     7 | D        | Reached XP level 2. HP: 29/29 MP: 1/1
    11 | D        | Noticed an ogre
    14 | D        | Killed an ogre
    15 | D        | Reached skill level 7 in Armour
    15 | D        | Reached XP level 3. HP: 21/39 MP: 2/2
    15 | D        | Reached XP level 4. HP: 26/47 MP: 3/3
    18 | D        | Noticed Sigmund
    23 | D        | Killed Sigmund
    24 | D        | Reached skill level 8 in Armour
    24 | D        | Reached XP level 5. HP: 26/57 MP: 4/4
    24 | D        | Reached XP level 6. HP: 29/63 MP: 5/5
    35 | D        | Found a shimmering blue altar of Sif Muna.
    36 | D        | Found an ornate altar of the Wu Jian Council.
    37 | D        | Found a radiant altar of Vehumet.
    40 | D        | Reached skill level 9 in Armour
    40 | D        | Reached skill level 1 in Dodging
    57 | D        | Found Boekewn's Armour Emporium.
    57 | D        | Found an ancient bone altar of Kikubaaqudgha.
    57 | D        | Found a hazy altar of Hepliaklqana.
    57 | D        | Found a stormy altar of Qazlal.
    57 | D        | Found a hide-covered altar of Uskayaw.
    57 | D        | Found a blossoming altar of Fedhas.
    57 | D        | Found a bloodstained altar of Trog.
    57 | D        | Found an iron altar of Okawaru.
    57 | D        | Found a basalt altar of Yredelemnul.
    57 | D        | Found a glowing golden altar of the Shining One.
    57 | D        | Found a snail-covered altar of Cheibriados.
    57 | D        | Found a sacrificial altar of Ru.
    57 | D        | Found a glowing silver altar of Zin.
    57 | D        | Found a shadowy altar of Dithmenos.
    57 | D        | Found a white marble altar of Elyvilon.
    57 | D        | Noticed a yak
    61 | D        | Killed a yak
    62 | D        | Reached skill level 10 in Armour
    62 | D        | Found an opulent altar of Gozag.
    78 | D        | Found a sparkling altar of Nemelex Xobeh.
    83 | D        | Became a worshipper of Trog the Wrathful
    96 | D        | Found a burning altar of Makhleb.
    96 | D        | Found a shimmering altar of Xom.
    96 | D        | Noticed a slime creature
    97 | D        | Found a viscous altar of Jiyva.
    97 | D        | Found a corrupted altar of Lugonu.
   105 | D        | HP: 2/63 [slime creature (8)]
   108 | D        | Killed a slime creature
   109 | D        | Reached skill level 11 in Armour
   109 | D        | Reached skill level 5 in Dodging
   109 | D        | Reached XP level 7. HP: 29/70 MP: 6/6
   251 | D        | Noticed a kobold demonologist
   252 | D        | Noticed a kobold demonologist
   260 | D        | Killed a kobold demonologist
   260 | D        | Reached * piety under Trog
   261 | D        | Reached skill level 10 in Long Blades
   261 | D        | Reached skill level 12 in Armour
   265 | D        | Killed a kobold demonologist
   265 | D        | Reached ** piety under Trog
   266 | D        | Reached XP level 8. HP: 78/78 MP: 7/7
   297 | D        | Noticed Sonja
   305 | D        | HP: 3/78 [Sonja/+1 dagger of distortion (8)]
   307 | D        | Killed Sonja
   308 | D        | Reached skill level 13 in Armour
   335 | D        | Found Sanguenk's Armour Boutique.
   343 | D        | Bought a +0 pair of boots for 49 gold pieces
   360 | D        | Noticed a deep troll
   372 | D        | Slain by a deep troll

Illustrated notes

Levels and vault maps discovered:
D:        dungeon_sprint_1 [red_sonja_temple_1, red_sonja_temple_small_1]

Skill      XL: |  1  2  3  4  5  6  7  8 |
---------------+-------------------------+-----
Fighting       | 5 7 9 |  9.1
Long Blades    | 3 4 6 9 11 12 | 12.6
Armour         | 5 7 8 11 12 13 | 13.5
Shields        | 5 6 8 |  8.2
Dodging        | 5 8 9 |  9.5
Evocations     | |  0.8

Action                     |  1- 3 |  4- 6 |  7- 9 || total
---------------------------+-------+-------+-------++-------
  Melee: Long sword        |     6 |    19 |    27 ||    52
         Headbutt          |     2 |     8 |     3 ||    13
 Invoke: Berserk           |       |       |     1 ||     1
  Evoke: Wand              |       |       |     2 ||     2
    Use: Potion            |     1 |     1 |     3 ||     5
 Armour: Scale mail        |       |     3 |     8 ||    11
  Dodge: Dodged            |     4 |     6 |     8 ||    18
  Block: Buckler           |       |     4 |    13 ||    17

Table legend: (Time is in decaauts)
 A = Elapsed time spent in this place.
 B = Non-inter-level travel time spent in this place.
 C = Inter-level travel time spent in this place.
 D = Time resting spent in this place.
 E = Time spent auto-exploring this place.
 F = Levels seen in this place.
 G = Mean time per level.
                   A        B        C        D        E       F      G
               +--------+--------+--------+--------+--------+-----+--------+
         Total |    384 |    384 |      0 |    144 |      0 |   1 |  384.0 |
       Dungeon |    384 |    384 |      0 |    144 |      0 |   1 |  384.0 |
               +--------+--------+--------+--------+--------+-----+--------+

Top non-repeatable levels by time:
       D: 384 daAuts
